 Dungeon Crawl Stone Soup version 0.32-a0-43-g058985b245 (webtiles) character file.

Game seed: 17994187383331969957

2438 jlumianski the Grappler (level 9, -1/68 HPs)
             Began as a Gnoll Shapeshifter on Feb 3, 2024.
             Was a Believer of Wu Jian.
             Slain by Maurice
             ... wielding a +0 whip
              (3 damage)
             ... on level 7 of the Dungeon.
             The game lasted 00:31:39 (6045 turns).

jlumianski the Grappler (Gnoll Shapeshifter)        Turns: 6045, Time: 00:31:41

Health: -1/68      AC:  5    Str: 17    XL:     9   Next: 49%
Magic:  11/15      EV: 19    Int: 11    God:    Wu Jian [**....]
Gold:   0          SH:  0    Dex: 17    Spells: 14/16 levels left

rFire   . .          .
                       - Unarmed
rCold   . . .        (shield currently unavailable)
rNeg    . . .        t - melded +0 chain mail
rPois   .            E - +1 helmet
rElec   .            i - +0 cloak
rCorr   .            G - +0 pair of gloves
SInv    .            x - +0 pair of boots
Will    +....        C - amulet of faith
Stlth   +            D - +6 ring of dexterity
HPRegen 0.31/turn    l - ring of willpower
MPRegen 0.14/turn

%: faith
@: flux-form, slowed, glowing, very slow
A: glow, contaminating, fangs 1, strong nose, distributed training
a: Begin Untransformation, Renounce Religion, Wall Jump


You were on level 7 of the Dungeon.
You worshipped Wu Jian.
Wu Jian was pleased with you.
You were something dangerously unstable.
You visited 2 branches of the dungeon, and saw 8 of its levels.

You collected 90 gold pieces.
You spent 90 gold pieces at shops.

Inventory:

Missiles
 z - 4 atropa-tipped darts
 B - 5 boomerangs (quivered)
 O - 4 poisoned darts
Armour
 a - a +0 animal skin
 e - a +0 leather armour
 i - a +0 cloak (worn)
 j - a +0 scale mail
 p - a +1 hat
 t - a +0 chain mail (melded)
 x - a +0 pair of boots (worn)
 E - a +1 helmet (worn)
 G - a +0 pair of gloves (worn)
Jewellery
 l - a ring of willpower (right hand)
 C - an amulet of faith (around neck)
 D - a +6 ring of dexterity (left hand)
 I - a ring of fire
 N - a ring of see invisible
Talismans
 d - a flux talisman (active)
 f - a granite talisman
Wands
 q - a wand of charming (12)
 M - a wand of flame (12)
Scrolls
 m - a scroll of poison
 n - 2 scrolls of immolation
 r - 2 scrolls of enchant weapon {unknown}
 s - a scroll of fog {unknown}
 y - 2 scrolls of noise {unknown}
 H - 2 scrolls of revelation {unknown}
 K - 3 scrolls of teleportation {unknown}
Potions
 b - 2 potions of lignification
 h - a potion of curing
 k - a potion of might
 o - 2 potions of attraction
 u - a potion of invisibility
 w - a potion of resistance {unknown}
 A - 2 potions of enlightenment
 F - 2 potions of heal wounds {unknown}
 L - a potion of degeneration {unknown}


   Skills:
 + Level 5.2 Fighting
 + Level 4.4 Short Blades
 + Level 4.4 Long Blades
 + Level 4.4 Axes
 + Level 4.4 Maces & Flails
 + Level 4.4 Polearms
 + Level 4.4 Staves
 + Level 4.4 Ranged Weapons
 + Level 4.4 Throwing
 + Level 4.4 Armour
 + Level 6.5 Dodging
 + Level 4.4 Stealth
 + Level 4.4 Shields
 + Level 8.0 Unarmed Combat
 + Level 4.4 Spellcasting
 + Level 3.7 Conjurations
 + Level 3.7 Hexes
 + Level 3.7 Summonings
 + Level 3.7 Necromancy
 + Level 3.7 Translocations
 + Level 3.7 Fire Magic
 + Level 3.7 Ice Magic
 + Level 3.7 Air Magic
 + Level 3.7 Earth Magic
 + Level 3.7 Alchemy
 + Level 4.9 Invocations
 + Level 4.4 Evocations
 + Level 7.8 Shapeshifting


You had 14 spell levels left.
You knew the following spells:

 Your Spells              Type           Power      Damage    Failure   Level
a - Cigotuvi's Dreadful   Necr/Alch/Air  20%        N/A       8%          2

Your spell library contained the following spells:

 Spells                   Type           Power      Damage    Failure   Level
 Freeze                   Ice            40%        1d6       4%          1
 Sublimation of Blood     Necr           10%        N/A       8%          2
 Call Canine Familiar     Summ           10%        N/A       16%         3
 Frozen Ramparts          Ice            20%        1d4       16%         3
 Hailstorm                Conj/Ice       10%        3d6       16%         3
 Sigil of Binding         Hex            10%        N/A       16%         3
 Summon Ice Beast         Ice/Summ       10%        N/A       16%         3
 Dimensional Bullseye     Hex/Tloc       5%         N/A       45%         4
 Ignite Poison            Fire/Alch      10%        N/A       45%         4
 Petrify                  Alch/Erth      10%        N/A       45%         4
 Freezing Cloud           Conj/Ice/Air   5%         6-21      80%         5
 Irradiate                Conj/Alch      5%         3d13      80%         5
 Sculpt Simulacrum        Ice/Alch       5%         N/A       100%        6


Dungeon Overview and Level Annotations

Branches:
Dungeon (7/15)             Temple (1/1) D:4

Altars:
Ashenzari
Cheibriados
Elyvilon
Fedhas
Gozag
Hepliaklqana
Kikubaaqudgha
Makhleb
Nemelex Xobeh
Okawaru
Ru
Sif Muna
Uskayaw
Vehumet
Wu Jian
Yredelemnul
Zin
The Shining One

Shops:
D:4 [

Portals:
Abyss: D:7

Annotations:
D:7 2 transporters, Maurice; grandjackal's ghost, novice DsGl


Innate Abilities, Weirdness & Mutations

You are something dangerously unstable.
You glow with magical radiation, making you easy to see and hit.
Foes you strike become dangerously contaminated with magical radiation.
You are incapable of wielding weapons or throwing items.
You have very sharp teeth.
Your uncanny sense of smell can sniff out nearby items.
Your experience applies equally to all skills.


Message History

* * * LOW HITPOINT WARNING * * *
You feel yourself slow down.
You feel better.
Okay, then.
Something hits you.
* * * LOW HITPOINT WARNING * * *
Something steals your ring of positive energy!
Something closely misses you.
You hear a zap.
Something tries to affect you, but you resist.
You miss something. Something hits you.
* * * LOW HITPOINT WARNING * * *
Something steals your orb of mayhem! Something bites you but does no damage.
You hit something.
Maurice begins to glow.
Your bite misses Maurice.
Maurice is lightly wounded.
Maurice misses you. Maurice closely misses you.
You hit Maurice.
Maurice glows dangerously bright.
Maurice is lightly wounded.
Maurice zaps a wand.
You resist with almost no effort.
Maurice zaps a wand.
You resist with almost no effort.
You hit Maurice.
Maurice shudders as magic cascades through him.
Maurice twists and deforms.
Maurice is moderately wounded.
Maurice hits you but does no damage. Maurice barely misses you.
You miss Maurice.
Maurice is moderately wounded.
Maurice hits you with a +0 whip.
* * * LOW HITPOINT WARNING * * *
Maurice steals 198 gold pieces!
You now have 0 gold pieces.
Maurice bites you.
* * * LOW HITPOINT WARNING * * *
You feel your power leaking away. Maurice drains your magic.
You hit Maurice but do no damage.
Maurice begins to glow.
Maurice is moderately wounded.
Maurice hits you with a +0 whip!
* * * LOW HITPOINT WARNING * * *
Maurice groans, "What are you, a monk?" Maurice bites you but does no damage.
Maurice hits you with a +0 whip.
You die...

..## #......K.....
#..#. ##.))####.....
#...######....##.###...
#...#...)....##.. ##..
#....####....#.#. ###
#..#..# #...##.^#....
#.. ##.# #..##.^# ##.#
#..###f####.©# ..# ∆?..
#.....p......## ###
....##...###... # #.
###....... ...
###...##...## .. ∆
##..#......##.
#...##.©.# ?#©
#....#### ##. #...
#.......####.. #...
#........##...


You could see Maurice (contam, misshapen).

Vanquished Creatures
  Menkaure (D:5)
  A steam dragon (D:6)
  4 water moccasins
  An ice beast (D:5)
  A sky beast (D:6)
  A black bear (D:5)
  An ogre (D:6)
  A phantom (D:5)
  2 kobold brigands (D:7)
  Blork the orc (D:4)
  4 scorpions
  5 hounds
  2 bombardier beetles (D:6)
  2 gnoll boudas
  A jelly (D:5)
  2 orc priests
  7 orc wizards
  A sleepcap (D:6)
  3 iguanas
  4 adders
  9 gnolls
  3 shadow imps
  2 ufetubi (D:5)
  A ribbon worm (D:2)
  25 orcs
  6 bats
  4 endoplasms
  5 giant cockroaches
  8 goblins
  6 hobgoblins
  4 jackals (D:5)
  11 kobolds
  4 quokkas
  13 ball pythons
  2 frilled lizards
  8 rats
156 creatures vanquished.

Notes
Turn   | Place    | Note
-------+----------+-------------------------------------------
     0 | D:1      | jlumianski the Gnoll Shapeshifter began the quest for the
                  | Orb.
     0 | D:1      | Reached XP level 1. HP: 17/17 MP: 1/1
   106 | D:1      | Reached XP level 2. HP: 15/23 MP: 2/2
   645 | D:2      | Reached XP level 3. HP: 28/28 MP: 3/3
   820 | D:2      | Reached skill level 1 in Invocations
   864 | D:2      | Reached skill level 1 in Short Blades
   864 | D:2      | Reached skill level 1 in Long Blades
   864 | D:2      | Reached skill level 1 in Axes
   864 | D:2      | Reached skill level 1 in Maces & Flails
   864 | D:2      | Reached skill level 1 in Polearms
   864 | D:2      | Reached skill level 1 in Staves
   864 | D:2      | Reached skill level 1 in Ranged Weapons
   864 | D:2      | Reached skill level 1 in Throwing
   864 | D:2      | Reached skill level 1 in Armour
   864 | D:2      | Reached skill level 1 in Stealth
   864 | D:2      | Reached skill level 1 in Shields
   864 | D:2      | Reached skill level 1 in Spellcasting
   864 | D:2      | Reached skill level 1 in Evocations
   956 | D:3      | Found a glowing silver altar of Zin.
   956 | D:3      | Found Zin's Purification Station.
  1084 | D:2      | Found a hazy altar of Hepliaklqana.
  1117 | D:2      | Reached XP level 4. HP: 34/34 MP: 5/5
  1280 | D:2      | Reached skill level 1 in Conjurations
  1280 | D:2      | Reached skill level 1 in Hexes
  1280 | D:2      | Reached skill level 1 in Summonings
  1280 | D:2      | Reached skill level 1 in Necromancy
  1280 | D:2      | Reached skill level 1 in Translocations
  1280 | D:2      | Reached skill level 1 in Fire Magic
  1280 | D:2      | Reached skill level 1 in Ice Magic
  1280 | D:2      | Reached skill level 1 in Air Magic
  1280 | D:2      | Reached skill level 1 in Earth Magic
  1280 | D:2      | Reached skill level 1 in Alchemy
  1546 | D:3      | Found a faded altar of an unknown god.
  1553 | D:3      | Reached XP level 5. HP: 39/41 MP: 7/7
  1689 | D:3      | Bought a potion of curing for 90 gold pieces
  2161 | D:4      | Reached XP level 6. HP: 31/47 MP: 8/8
  2280 | D:4      | Reached skill level 5 in Dodging
  2478 | D:4      | Found Pewnotra's Antique Armour Boutique.
  2518 | D:5      | Entered Level 5 of the Dungeon
  2555 | D:4      | Found a staircase to the Ecumenical Temple.
  2563 | Temple   | Entered the Ecumenical Temple
  2606 | Temple   | Became a worshipper of the Wu Jian Council
  3236 | D:5      | Reached XP level 7. HP: 50/52 MP: 10/10
  3279 | D:5      | Reached skill level 7 in Unarmed Combat
  3582 | D:5      | Reached * piety under Wu Jian
  3922 | D:5      | Reached XP level 8. HP: 45/60 MP: 12/12
  3992 | D:5      | Noticed Menkaure
  3992 | D:5      | Noticed Blork the orc
  4165 | D:4      | Killed Blork the orc
  4313 | D:5      | Killed Menkaure
  4460 | D:5      | Found a broken altar of Ashenzari.
  5388 | D:6      | Reached ** piety under Wu Jian
  5389 | D:6      | Reached XP level 9. HP: 64/67 MP: 13/15
  5396 | D:6      | Learned a level 2 spell: Cigotuvi's Dreadful Rot
  5461 | D:6      | HP: 4/96 [steam dragon] (2)]
  5465 | D:6      | Reached skill level 5 in Fighting
  5921 | D:7      | Noticed an ancient zyme
  5952 | D:7      | Found a transporter.
  5974 | D:7      | Noticed grandjackal's ghost (novice DsGl)
  5977 | D:7      | Reached skill level 8 in Unarmed Combat
  5994 | D:7      | Found a one-way gate to the infinite horrors of the Abyss.
  6003 | D:7      | Noticed Maurice
  6006 | D:7      | Found a transporter.
  6026 | D:7      | Maurice stole a +2 whip of venom
  6027 | D:7      | Something stole a beast talisman
  6039 | D:7      | Something stole a ring of positive energy
  6040 | D:7      | Something stole an orb of mayhem
  6044 | D:7      | Maurice stole 198 gold
  6045 | D:7      | HP: 2/68 [Maurice/+0 whip (7)]
  6045 | D:7      | Slain by Maurice

Illustrated notes

Levels and vault maps discovered:
D:1:      wander_arrival_peaceful_grave, layout_rooms
D:2:      layout_rooms, basic_altar, kennysheep_small_spiral
D:3:      layout_rooms, zin_purify, hellmonk_ecumenical_altar_run_dry,
          glass_columns_b
D:4:      layout_loops_cross, minmay_temple_entry_glassed_door, serial_shops,
          shop, sigmund_army
D:5:      layout_loops_corners, kennysheep_mini_moat, st_stairs_14,
          uniq_menkaure, uniq_blork_the_orc
D:6:      layout_basic
D:7:      layout_rooms, gammafunk_ghost_abyssal_escape, uniq_maurice
Temple:   nicolae_temple_superstar

Skill      XL: |  1  2  3  4  5  6  7  8  9 |
---------------+----------------------------+-----
Invocations    | 1 2 3 4 |  4.9
Short Blades   | 1 2 3 4 |  4.4
Long Blades    | 1 2 3 4 |  4.4
Axes           | 1 2 3 4 |  4.4
Maces & Flails | 1 2 3 4 |  4.4
Polearms       | 1 2 3 4 |  4.4
Staves         | 1 2 3 4 |  4.4
Ranged Weapons | 1 2 3 4 |  4.4
Throwing       | 1 2 3 4 |  4.4
Armour         | 1 2 3 4 |  4.4
Stealth        | 1 2 3 4 |  4.4
Shields        | 1 2 3 4 |  4.4
Spellcasting   | 1 2 3 4 |  4.4
Evocations     | 1 2 3 4 |  4.4
Conjurations   | 1 2 3 |  3.7
Hexes          | 1 2 3 |  3.7
Summonings     | 1 2 3 |  3.7
Necromancy     | 1 2 3 |  3.7
Translocations | 1 2 3 |  3.7
Fire Magic     | 1 2 3 |  3.7
Ice Magic      | 1 2 3 |  3.7
Air Magic      | 1 2 3 |  3.7
Earth Magic    | 1 2 3 |  3.7
Alchemy        | 1 2 3 |  3.7
Fighting       | 3 4 5 |  5.2
Dodging        | 5 6 |  6.5
Unarmed Combat | 7 8 |  8.0
Shapeshifting  | 7 |  7.8

Action                     |  1- 3 |  4- 6 |  7- 9 || total
---------------------------+-------+-------+-------++-------
  Melee: Unarmed           |    89 |   138 |   314 ||   541
         Punch             |     3 |     4 |       ||     7
         Bite              |     6 |    13 |    40 ||    59
   Cast: Cigotuvi's Dreadf |       |       |     2 ||     2
Ability: Lunge             |       |       |    22 ||    22
         Whirlwind         |       |       |    13 ||    13
         Wall Jump         |       |       |    11 ||    11
  Evoke: Wand              |       |       |     1 ||     1
    Use: Potion            |     1 |     2 |     5 ||     8
         Scroll            |       |     4 |     3 ||     7
   Stab: Sleeping          |     1 |       |       ||     1
 Armour: Leather armour    |    27 |       |       ||    27
         Scale mail        |    20 |     4 |       ||    24
         Chain mail        |       |    78 |       ||    78
         Skin              |       |    12 |   136 ||   148
  Dodge: Dodged            |    68 |    63 |   250 ||   381
   Form: Flux              |       |     1 |       ||     1

Table legend: (Time is in decaauts)
 A = Elapsed time spent in this place.
 B = Non-inter-level travel time spent in this place.
 C = Inter-level travel time spent in this place.
 D = Time resting spent in this place.
 E = Time spent auto-exploring this place.
 F = Levels seen in this place.
 G = Mean time per level.
                   A        B        C        D        E       F      G
               +--------+--------+--------+--------+--------+-----+--------+
         Total |   6024 |   5944 |     80 |   1108 |   2408 |   8 |  753.0 |
       Dungeon |   5955 |   5875 |     80 |   1108 |   2408 |   7 |  850.7 |
        Temple |     68 |     68 |      0 |      0 |      0 |   1 |   68.0 |
               +--------+--------+--------+--------+--------+-----+--------+

Top non-repeatable levels by time:
     D:5: 1305 daAuts
     D:4: 1285 daAuts
     D:6: 1056 daAuts
     D:2: 1005 daAuts
     D:1: 619 daAuts
     D:3: 511 daAuts
     D:7: 172 daAuts
  Temple: 68 daAuts
